 Dungeon Crawl Stone Soup version 0.22-a0-284-g99d1f74 (webtiles) character file.

56 Amnesiac the Chucker (level 4, 0/28 HPs)
             Began as a Kobold Fighter on Mar 22, 2018.
             Slain by an adder (1 damage)
             ... on level 2 of the Dungeon.
             The game lasted 00:03:05 (1408 turns).

Amnesiac the Chucker (Kobold Fighter)               Turns: 1408, Time: 00:03:06

Health: 0/28       AC:  7    Str: 11    XL:     4   Next: 15%
Magic:  4/4        EV:  7    Int:  9    God:
Gold:   126        SH:  8    Dex: 14    Spells: 3/3 levels left

rFire    . . .     SeeInvis .   a - +0 rapier
rCold    . . .     Gourm    .   c - +0 shield
rNeg     . . .     Faith    .   b - +0 scale mail
rPois    .         Spirit   .   o - +0 helmet
rElec    .         Reflect  .   (no cloak)
rCorr    .         Harm     .   (no gloves)
MR       .....                  (no boots)
Stlth    ..........             (no amulet)
HPRegen  0.09/turn              q - -3 ring of strength (curse)
MPRegen  0.09/turn              (no ring)

@: lethally poisoned (0 -> -11)
A: small, carnivore
a: no special abilities


You were on level 2 of the Dungeon.
You were completely stuffed.

You visited 1 branch of the dungeon, and saw 2 of its levels.

You collected 126 gold pieces.

Inventory:

Hand Weapons
 a - a +0 rapier (weapon)
Missiles
 g - 34 stones (quivered)
Armour
 b - a +0 scale mail (worn)
 c - a +0 shield (worn)
 o - a +0 helmet (worn)
Jewellery
 q - a cursed -3 ring of strength (left hand)
Scrolls
 i - a scroll of fog {!r, unknown}
 j - a scroll of teleportation {!r, unknown}
 k - 2 scrolls of identify {!r}
Potions
 d - a potion of might {!q}
 e - a potion of heal wounds {!q}
 h - a potion of brilliance {!q, unknown}
 l - a potion of lignification {!q, unknown}
 m - a potion of curing {!q, unknown}
 p - a potion of cancellation {!q, unknown}
 r - 2 potions of flight {!q}
 s - a potion of resistance {!q, unknown}
Comestibles
 f - 4 rations
 n - 2 chunks of flesh


   Skills:
 - Level 3.2 Fighting
 - Level 2.6 Short Blades
 + Level 3.8 Throwing
 - Level 2.4 Armour
 - Level 2.4 Shields


You had 3 spell levels left.
You didn't know any spells.

Dungeon Overview and Level Annotations

Branches:
Dungeon (2/15)

Altars:
Wu Jian


Innate Abilities, Weirdness & Mutations

You are small and have problems with some larger weapons.
You are carnivorous and can eat meat at any time.


Message History

You block the adder's attack. x2
Throwing (i - inventory)
g - 45 stones (quivered)
Press: ? - help, Shift-Dir - straight line, f/p - adder
Aim: an adder (moderately wounded)
You throw a stone. The stone misses the adder.
The adder bites you.
Throwing (i - inventory)
g - 44 stones (quivered)
Press: ? - help, Shift-Dir - straight line, f/p - adder
Aim: an adder (moderately wounded)
You throw a stone. The stone closely misses the adder.
You feel sick. The adder bites you.
* * * LOW HITPOINT WARNING * * *
Throwing (i - inventory)
g - 43 stones (quivered)
Press: ? - help, Shift-Dir - straight line, f/p - adder
Aim: an adder (moderately wounded)
You throw a stone. The stone closely misses the adder.
You block the adder's attack.
Throwing (i - inventory)
g - 42 stones (quivered)
Press: ? - help, Shift-Dir - straight line, f/p - adder
Aim: an adder (moderately wounded)
You throw a stone. The stone closely misses the adder.
The adder bites you but does no damage. The adder bites you.
* * * LOW HITPOINT WARNING * * *
You are more poisoned.
The adder poisons you!
Throwing (i - inventory)
g - 41 stones (quivered)
Press: ? - help, Shift-Dir - straight line, f/p - adder
Aim: an adder (moderately wounded)
You throw a stone. The stone closely misses the adder.
You feel sick. The adder bites you.
* * * LOW HITPOINT WARNING * * *
Throwing (i - inventory)
g - 40 stones (quivered)
Press: ? - help, Shift-Dir - straight line, f/p - adder
Aim: an adder (moderately wounded)
You throw a stone. The stone misses the adder.
You feel sick. The adder bites you but does no damage.
Throwing (i - inventory)
g - 39 stones (quivered)
Press: ? - help, Shift-Dir - straight line, f/p - adder
Aim: an adder (moderately wounded)
You throw a stone. The stone closely misses the adder.
The adder barely misses you. You block the adder's attack.
Throwing (i - inventory)
g - 38 stones (quivered)
Press: ? - help, Shift-Dir - straight line, f/p - adder
Aim: an adder (moderately wounded)
You throw a stone. The stone barely misses the adder.
You feel sick. The adder bites you but does no damage.
Throwing (i - inventory)
g - 37 stones (quivered)
Press: ? - help, Shift-Dir - straight line, f/p - adder
Aim: an adder (moderately wounded)
You throw a stone. The stone misses the adder.
You block the adder's attack.
Throwing (i - inventory)
g - 36 stones (quivered)
Press: ? - help, Shift-Dir - straight line, f/p - adder
Aim: an adder (moderately wounded)
You throw a stone. The stone barely misses the adder.
The adder bites you.
* * * LOW HITPOINT WARNING * * *
You are more poisoned.
The adder poisons you! The adder bites you.
* * * LOW HITPOINT WARNING * * *
Throwing (i - inventory)
g - 35 stones (quivered)
Press: ? - help, Shift-Dir - straight line, f/p - adder
Aim: an adder (moderately wounded)
You throw a stone. The stone misses the adder.
* * * LOW HITPOINT WARNING * * *
You feel sick. The adder bites you.
You die...

###### .. ########....# ...
#[.....#...># #..#
#...........# ..#..
#......##..## #....
#......###.# ####
#........#.# #......#.#.#
#.........@# #..
#.......##.S...# #..
#####.#....<##.## #.#
#.####.......###.# # . #.#
#...#....##.# # .. #.#
###.##.#.##(# # #.. #.#
#.##.?..#.## #.. #.#
###.###.#..(.# ###
#..##.####.......#..#.###..


You could see an adder.

Vanquished Creatures
  An adder (D:2)
  2 oozes (D:2)
  A leopard gecko (D:1)
  4 giant cockroaches (D:1)
  A goblin (D:2)
  3 hobgoblins (D:1)
  4 jackals (D:2)
  A ball python (D:1)
  6 bats
  2 frilled lizards (D:1)
  7 kobolds
  7 rats
39 creatures vanquished.

Notes
Turn   | Place    | Note
-------+----------+-------------------------------------------
     0 | D:1      | Amnesiac the Kobold Fighter began the quest for the Orb.
     0 | D:1      | Reached XP level 1. HP: 14/14 MP: 1/1
   167 | D:1      | Reached skill level 1 in Throwing
   171 | D:1      | Reached XP level 2. HP: 14/19 MP: 2/2
   571 | D:1      | Reached XP level 3. HP: 9/23 MP: 3/3
  1040 | D:2      | Found an ornate altar of the Wu Jian Council.
  1280 | D:2      | Reached XP level 4. HP: 25/28 MP: 4/4
  1408 | D:2      | HP: 1/28 [poisoned by an adder]
  1408 | D:2      | Slain by an adder

Vault maps used:
D:1:      giann_wishing_wells
D:2:      nicolae_overflow_hidden_temple, lemuel_doored_altar, first_ration,
          minmay_cupped

Skill      XL: |  1  2  3 |
---------------+----------+-----
Throwing       | 1 2 3 |  3.8
Fighting       | |  3.2
Short Blades   | |  2.6
Armour         | |  2.4
Shields        | |  2.4

Action                   |  1- 3 |  4- 6 || total
-------------------------+-------+-------++-------
Melee: Rapier            |    18 |       ||    18
Throw: Stone             |   252 |    50 ||   302
  Use: Scroll            |     1 |       ||     1
       Potion            |     1 |       ||     1
  Eat: Chunk             |     9 |     1 ||    10
Armor: Scale mail        |    99 |     8 ||   107
Dodge: Dodged            |    64 |     6 ||    70
Block: Shield            |   101 |    15 ||   116

Table legend:
 A = Spawn XP
 B = Non-spawn XP
 C = Spawn XP percentage of total XP
 D = Spawn monster count
 E = Non-spawn monster count
 F = Spawn count percentage of total count
 G = Total turns spent on level
                    A         B        C        D         E        F      G
               +---------+---------+-------+---------+---------+-------+---------
         Total |       0 |      80 |   0.0 |       0 |      39 |   0.0 |  1408
               +---------+---------+-------+---------+---------+-------+---------
           D:1 |       0 |      34 |   0.0 |       0 |      24 |   0.0 |   977
           D:2 |       0 |      46 |   0.0 |       0 |      15 |   0.0 |   431
               +---------+---------+-------+---------+---------+-------+---------
